 Dungeon Crawl Stone Soup version 0.23.1-37-gaa34b87 (webtiles) character file.

Game seed: 6008475115895059382

827 Fang the Skirmisher (level 7, 0/45 HPs)
             Began as a Gargoyle Berserker on Mar 25, 2019.
             Was a Priest of Trog.
             Killed from afar by an orc wizard (10 damage)
             ... with a puff of flame
             ... on level 5 of the Dungeon.
             The game lasted 00:06:27 (3767 turns).

Fang the Skirmisher (Gargoyle Berserker)            Turns: 3767, Time: 00:06:28

Health: 0/45       AC: 17    Str: 23    XL:     7   Next: 97%
Magic:  7/7        EV:  9    Int:  7    God:    Trog [***...]
Gold:   265        SH:  4    Dex:  9    Spells: 6/6 levels left

rFire    . . .     SeeInvis .   a - +0 hand axe
rCold    . . .     Gourm    .   (no shield)
rNeg     + . .     Faith    .   f - +0 chain mail
rPois    ∞         Spirit   .   (no helmet)
rElec    +         Reflect  +   (no cloak)
rCorr    .         Harm     .   p - +2 pair of gloves
MR       .....                  (no boots)
Stlth    ..........             n - +4 amulet of reflection
HPRegen  0.15/turn              (no ring)
MPRegen  0.10/turn              (no ring)

@: berserk cooldown
A: negative energy resistance 1, electricity resistance, unbreathing,
petrification resistance, rot immunity, AC +4
a: Berserk, Trog's Hand, Renounce Religion


You were on level 5 of the Dungeon.
You worshipped Trog.
Trog was most pleased with you.
You were hungry.

You visited 1 branch of the dungeon, and saw 5 of its levels.

You collected 265 gold pieces.

Inventory:

Hand Weapons
 a - a +0 hand axe (weapon)
Armour
 f - a +0 chain mail (worn)
 p - a +2 pair of gloves (worn)
Jewellery
 n - a +4 amulet of reflection (around neck)
 q - an uncursed amulet of rage
Scrolls
 d - 3 scrolls of remove curse {unknown}
 e - 12 scrolls of identify {unknown}
 k - 2 scrolls of enchant armour {unknown}
 m - 3 scrolls of teleportation {unknown}
 s - 2 scrolls of fog {unknown}
 u - a scroll of fear {unknown}
 w - 3 scrolls of immolation {unknown}
 x - a scroll of blinking {unknown}
 y - a scroll of noise {unknown}
Potions
 b - 3 potions of heal wounds {unknown}
 g - 3 potions of lignification {unknown}
 h - a potion of might {unknown}
 i - a potion of mutation {unknown}
 l - 2 potions of curing {unknown}
 o - a potion of berserk rage {unknown}
 r - a potion of degeneration {unknown}
 t - a potion of haste {unknown}
 v - a potion of resistance {unknown}
 z - a potion of cancellation {unknown}
Comestibles
 c - 5 rations
 j - 5 chunks of flesh


   Skills:
 + Level 5.7 Fighting
 + Level 4.7 Axes
 + Level 5.1 Armour
 + Level 3.8 Dodging


You had 6 spell levels left.
You didn't know any spells.
Your spell library was empty.

Dungeon Overview and Level Annotations

Branches:
Dungeon (5/15)
 Temple: D:4-7

Altars:
Kikubaaqudgha
Ru
Sif Muna
Vehumet
The Shining One

Shops:
D:4 [


Innate Abilities, Weirdness & Mutations

You are resistant to torment.
Your stone body is resilient. (AC +4)
You are immune to poison.
You resist negative energy. (rN+)
You are resistant to electric shocks. (rElec)
You can survive without breathing.
You are immune to petrification.
You are immune to rotting.


Message History

You block the orc wizard's attack.
The orc wizard looks satisfied for a moment.
You completely miss the orc wizard.
The orc wizard is heavily wounded.
You block the orc wizard's attack.
The orc wizard hits you but does no damage.
You hit the orc wizard.
The orc wizard is heavily wounded.
You feel yourself speed up.
The orc wizard hits you but does no damage. x2
You barely miss the orc wizard.
The orc wizard is heavily wounded.
The orc wizard hits you but does no damage.
The orc wizard casts a spell at you.
The puff of flame hits you but does no damage.
You barely miss the orc wizard.
The orc wizard is heavily wounded.
The orc wizard casts a spell at you. The puff of flame hits you!
You die...

########### #.........#
#.#######.# #######
#.##....#.#
#......#######.###.#)#.#
.................#.)<#.#
.......##....#.#.###.#.#
#.........#.#.#...#.#
...#....@......#.#.###.#
.......)o)...###.#.# #.#
....##'#()...# #.#.# #.#
... #.#.(...# #.#.# #.#
. #.#.#######.#.###.#
#.#.........#.....#
#.################# #.
##


You could see an orc wizard.

Vanquished Creatures
  Duvessa (D:4)
  3 ogres
  Dowan (D:4)
  2 orc priests
  A hound (D:5)
  A worker ant (D:4)
  5 orc wizards
  3 gnolls (D:3)
  5 adders
  An ooze (D:3)
  An adder skeleton (D:4)
  4 worms
  2 dart slugs
  3 leopard geckos
  9 orcs
  2 ball pythons
  5 bats
  3 giant cockroaches
  10 hobgoblins
  5 jackals
  6 kobolds
  A quokka (D:2)
  5 frilled lizards
  5 goblins
  6 rats
90 creatures vanquished.

Vanquished Creatures (others)
  A human (D:3)
  A worm (D:2)
2 creatures vanquished.

Grand Total: 92 creatures vanquished

Notes
Turn   | Place    | Note
-------+----------+-------------------------------------------
     0 | D:1      | Fang the Gargoyle Berserker began the quest for the Orb.
     0 | D:1      | Reached XP level 1. HP: 14/14 MP: 1/1
    88 | D:1      | Reached XP level 2. HP: 17/19 MP: 2/2
   797 | D:2      | Reached XP level 3. HP: 23/23 MP: 3/3
   817 | D:2      | Reached ** piety under Trog
   890 | D:2      | Found a deep blue altar of Sif Muna.
  1087 | D:2      | Found a glowing golden altar of the Shining One.
  1170 | D:2      | Found a radiant altar of Vehumet.
  1185 | D:2      | Reached XP level 4. HP: 27/29 MP: 4/4
  1508 | D:3      | Found a sacrificial altar of Ru.
  1567 | D:3      | Noticed an ogre
  1573 | D:3      | Killed an ogre
  1573 | D:3      | Reached XP level 5. HP: 34/34 MP: 5/5
  1742 | D:3      | Found an ancient bone altar of Kikubaaqudgha.
  1746 | D:3      | Noticed a human
  1747 | D:3      | Killed a human
  1917 | D:3      | Reached XP level 6. HP: 33/39 MP: 6/6
  2368 | D:4      | Noticed Duvessa
  2368 | D:4      | Noticed Dowan
  2377 | D:4      | Killed Duvessa
  2388 | D:4      | Reached skill level 5 in Fighting
  2617 | D:4      | Killed Dowan
  2617 | D:4      | Reached XP level 7. HP: 42/44 MP: 7/7
  2644 | D:4      | Reached *** piety under Trog
  3173 | D:4      | Found Sapp's Antique Armour Shoppe.
  3604 | D:5      | Entered Level 5 of the Dungeon
  3625 | D:5      | Reached skill level 5 in Armour
  3767 | D:5      | Killed from afar by an orc wizard

Skill      XL: |  1  2  3  4  5  6  7 |
---------------+----------------------+-----
Axes           | 3 4 |  4.7
Dodging        | 2 3 |  3.8
Armour         | 3 4 5 |  5.1
Fighting       | 4 5 |  5.7

Action                   |  1- 3 |  4- 6 |  7- 9 || total
-------------------------+-------+-------+-------++-------
Melee: Hand axe          |    92 |   170 |   173 ||   435
Invok: Berserk           |       |     3 |     2 ||     5
 Stab: Sleeping          |     1 |       |       ||     1
  Eat: Chunk             |     1 |     7 |     6 ||    14
Armor: Animal skin       |    25 |       |       ||    25
       Chain mail        |    21 |    91 |   157 ||   269
Dodge: Dodged            |    54 |    66 |    55 ||   175
Block: Other             |       |    19 |    35 ||    54
